 Dungeon Crawl Stone Soup version 0.21.1-1-g345015f (webtiles) character file.

63 letownia2 the Charmwright (level 4, 0/33 HPs)
             Began as a Merfolk Skald on Mar 14, 2018.
             Slain by a hobgoblin
             ... wielding a +0 club
              (3 damage)
             ... on level 3 of the Dungeon.
             The game lasted 00:06:36 (548 turns).

letownia2 the Charmwright (Merfolk Skald)            Turns: 548, Time: 00:06:37

Health: 0/33       AC:  4    Str: 12    XL:     4   Next: 9%
Magic:  2/7        EV: 12    Int: 12    God:
Gold:   56         SH:  0    Dex: 13    Spells: 1/7 levels left

rFire    . . .     SeeInvis .   a - +0 spear
rCold    . . .     Gourm    .   (no shield)
rNeg     . . .     Faith    .   b - +0 leather armour
rPois    .         Spirit   .   (no helmet)
rElec    .         Reflect  .   (no cloak)
rCorr    .         Harm     .   k - +0 pair of gloves
MR       +....                  (no boots)
Stlth    +.........             (no amulet)
HPRegen  0.11/turn              l - ring of protection from magic
MPRegen  0.10/turn              (no ring)

@: no status effects
A: change form in water, swift swim, stealthy swim
a: no special abilities


You were on level 3 of the Dungeon.
You were not hungry.

You visited 1 branch of the dungeon, and saw 3 of its levels.

You collected 56 gold pieces.

Inventory:

Hand Weapons
 a - a +0 spear (weapon)
Missiles
 f - 4 tomahawks (quivered)
Armour
 b - a +0 leather armour (worn)
 g - a +0 ring mail
 k - a +0 pair of gloves (worn)
 p - a +0 buckler
Jewellery
 l - a ring of protection from magic (left hand)
Scrolls
 e - a scroll of amnesia {unknown}
 i - a scroll of remove curse {unknown}
 j - a scroll of fear {unknown}
 n - a scroll of teleportation {unknown}
 o - 2 scrolls of identify {unknown}
Potions
 h - a potion of curing {unknown}
 m - a potion of might {unknown}
Books
 c - a book of Battle

   Spells                             Type                      Level
   a - Infusion                       Charms                       1
   b - Shroud of Golubria             Charms/Translocation         2
   c - Song of Slaying                Charms                       2
   d - Spectral Weapon                Hexes/Charms                 3
   e - Regeneration                   Charms/Necromancy            3
Comestibles
 d - 2 rations


   Skills:
 - Level 2.1 Fighting
 - Level 3.0 Polearms
 - Level 0.6 Armour
 - Level 2.6 Dodging
 - Level 2.0 Spellcasting
 + Level 0.6 Hexes
 - Level 5.1 Charms
 + Level 0.4 Translocations


You had one spell level left.
You knew the following spells:

 Your Spells              Type           Power        Failure   Level  Hunger
a - Infusion              Chrm           ##..         4%          1    ##.....
t - Shroud of Golubria    Chrm/Tloc      #.........   17%         2    ###....
x - Spectral Weapon       Hex/Chrm       #.......     32%         3    ####...


Dungeon Overview and Level Annotations

Branches:
Dungeon (3/15)

Altars:


Message History

You barely miss the orc wizard.
The orc wizard gestures at you while chanting.
You resist with almost no effort.
The orc wizard gestures at you while chanting.
The magic dart hits you!
* * * LOW HITPOINT WARNING * * *
The hobgoblin hits you with a club.
* * * LOW HITPOINT WARNING * * *
You closely miss the orc wizard. The orc wizard hits you with a dagger.
* * * LOW HITPOINT WARNING * * *
You completely miss the orc wizard. The orc wizard closely misses you.
The hobgoblin barely misses you. The orc wizard closely misses you.
Unknown command.
You hit the orc wizard but do no damage.
The hobgoblin closely misses you. The orc wizard barely misses you.
Unknown command.
You closely miss the orc wizard.
The orc wizard hits you but does no damage.
The hobgoblin hits you with a club.
You die...

########§.
#.........
#......... #####
#..o†..... ...#
#....#####
#######.###)...#
#...O.o...†....#
#o#####.###....#
#Og@o.<.# #....#####
#####...# ####......
#...# ##########
###...###.........
#...........###..#
#####..####.#.#....#
#......# #.#.#.##.#
#.#.#######.#.#. ...
#.#.........#.## ...


You could see an ogre, an orc wizard, an orc and a hobgoblin.

Vanquished Creatures
  3 adders
  3 worms (D:2)
  A dart slug (D:2)
  A leopard gecko (D:1)
  5 bats
  3 goblins
  5 hobgoblins
  4 frilled lizards (D:2)
  A rat (D:1)
26 creatures vanquished.

Notes
Turn   | Place    | Note
-------+----------+-------------------------------------------
     0 | D:1      | letownia2 the Merfolk Skald began the quest for the Orb.
     0 | D:1      | Reached XP level 1. HP: 16/16 MP: 3/3
    86 | D:1      | Reached XP level 2. HP: 21/22 MP: 1/5
   114 | D:1      | Reached skill level 4 in Charms
   242 | D:2      | Reached XP level 3. HP: 7/27 MP: 0/6
   304 | D:2      | Reached skill level 5 in Charms
   438 | D:3      | Learned a level 2 spell: Shroud of Golubria
   442 | D:3      | Learned a level 3 spell: Spectral Weapon
   513 | D:3      | Reached XP level 4. HP: 26/33 MP: 1/7
   518 | D:3      | Noticed an ogre
   548 | D:3      | Slain by a hobgoblin

Skill      XL: |  1  2  3 |
---------------+----------+-----
Charms         | 4 5 |  5.1
Fighting       | |  2.1
Polearms       | |  3.0
Armour         | |  0.6
Dodging        | |  2.6
Spellcasting   | |  2.0
Hexes          | |  0.6
Translocations | |  0.4

Action                   |  1- 3 |  4- 6 || total
-------------------------+-------+-------++-------
Melee: Spear             |    90 |    12 ||   102
Throw: Tomahawk          |     5 |       ||     5
 Cast: Infusion          |    10 |       ||    10
       Shroud of Golubri |     1 |       ||     1
Armor: Leather armour    |    17 |     2 ||    19
Dodge: Dodged            |    31 |     8 ||    39
